 Dungeon Crawl Stone Soup version 0.26.1-11-gd32895ea62 (webtiles) character file.

Game seed: 16428767915101174500

35 Zeld the Sneak (level 3, -13/24 HPs)
             Began as an Octopode Brigand on May 16, 2021.
             Mangled by an ogre
             ... wielding a cursed -1 giant club
              (18 damage)
             ... on level 5 of the Dungeon.
             The game lasted 00:00:44 (712 turns).

Zeld the Sneak (Octopode Brigand)                    Turns: 712, Time: 00:00:45

Health: -13/24     AC:  1    Str: 11    XL:     3   Next: 35%
Magic:  4/4        EV: 13    Int: 13    God:
Gold:   14         SH:  0    Dex: 13    Spells: 4/4 levels left

rFire    . . .     SeeInvis .   a - +2 dagger
rCold    . . .     Faith    .   (no shield)
rNeg     . . .     Spirit   .   (helmet restricted)
rPois    .         Reflect  .   (no amulet)
rElec    .         Harm     .   d - ring of stealth (curse)
rCorr    .         Rampage  .   (no ring)
Will     .....                  (no ring)
Stlth    +++++.....             (no ring)
HPRegen  0.08/turn              (no ring)
MPRegen  0.09/turn              (no ring)
                                (no ring)
                                (no ring)

@: no status effects
A: almost no armour, stealthy swim, amphibious, 8 rings, constrict 8, camouflage
1, gelatinous body 1
a: no special abilities


You were on level 5 of the Dungeon.
You visited 1 branch of the dungeon, and saw 5 of its levels.

You collected 14 gold pieces.

Inventory:

Hand Weapons
 a - a +2 dagger (weapon)
Missiles
 b - 8 poisoned darts (quivered)
 c - 2 curare-tipped darts
Jewellery
 d - a cursed ring of stealth (left tentacle)
Wands
 f - a wand of iceblast (7)
Scrolls
 e - a scroll of teleportation {unknown}


   Skills:
 - Level 2.0 Fighting
 - Level 2.0 Short Blades
 * Level 3.2 Throwing
 - Level 1.0 Dodging
 - Level 5.3 Stealth
 + Level 1.3 Spellcasting


You had 4 spell levels left.
You didn't know any spells.
Your spell library was empty.

Dungeon Overview and Level Annotations

Branches:
Dungeon (5/15)
 Temple: D:4-7

Altars:


Innate Abilities, Weirdness & Mutations

You cannot wear most types of armour.
You are very stealthy in the water. (Stealth+)
You are amphibious.
You can wear up to eight rings at the same time.
You can use your tentacles to constrict eight enemies at once.
Your skin changes colour to match your surroundings (Stealth+).
Your rubbery body absorbs attacks. (AC +1, EV +1)


Message History

You climb downwards.
Found a tapered copper wand.
There is a stone staircase leading up here.
f - a wand of iceblast (7)
There is a stone staircase leading up here.
A worker ant zombie comes into view.
A worker ant zombie is nearby!
A worker ant zombie is nearby!
An ogre comes into view. It is wielding a -1 giant club.
Found 17 gold pieces.
The ogre shouts!
You hear a shout!
An ufetubus comes into view.
The ogre hits you with a cursed -1 giant club!
Ouch! That really hurt!
The ufetubus hits you.
* * * LOW HITPOINT WARNING * * *
The ufetubus closely misses you.
The ogre hits you with a cursed -1 giant club!!
Ouch! That really hurt!
You die...

.≈....≈≈...##
..≈≈⌠.......#
...⌠≈≈......#
≈≈....≈.....#
..≈≈..≈Z....#
....≈≈......#
≈≈..........#
.≈≈..$...O5.#
#≈≈≈≈≈≈###@.#
##≈≈≈≈# ##.# #####
#..#
################.##
...........<.....#
###############.##
#.# #.# #.#


You could see an ogre, an ufetubus and a worker ant zombie.

Vanquished Creatures
  2 adders (D:2)
  An ooze (D:2)
  A bat (D:2)
  2 hobgoblins
  3 jackals (D:1)
  A quokka (D:4)
  A frilled lizard (D:2)
  A kobold (D:2)
  A rat (D:2)
13 creatures vanquished.

Notes
Turn   | Place    | Note
-------+----------+-------------------------------------------
     0 | D:1      | Zeld the Octopode Brigand began the quest for the Orb.
     0 | D:1      | Reached XP level 1. HP: 14/14 MP: 1/1
   134 | D:2      | Reached XP level 2. HP: 18/19 MP: 2/2
   178 | D:2      | Reached skill level 1 in Spellcasting
   178 | D:2      | Reached XP level 3. HP: 14/24 MP: 4/4
   677 | D:5      | Entered Level 5 of the Dungeon
   703 | D:5      | Noticed an ogre
   712 | D:5      | Mangled by an ogre

Illustrated notes

Levels and vault maps discovered:
D:1:      ncdulo_smallfort, layout_basic
D:2:      layout_basic, uniq_terence
D:3:      layout_basic, gammafunk_temple_overflow_statue
D:4:      layout_cave_pods, minmay_temple_entry_gardened_gates, serial_shops,
          shop, nicolae_shop_behind_doors, hex_tiny, uniq_edmund
D:5:      cheibrodos_helix_gallery, layout_loops_ring, tgw_xom, serial_shops,
          kennysheep_mini_moat, uniq_blork_the_orc

Skill      XL: |  1  2 |
---------------+-------+-----
Throwing       | 3 |  3.2
Spellcasting   | 1 |  1.3
Fighting       | |  2.0
Short Blades   | |  2.0
Dodging        | |  1.0
Stealth        | |  5.3

Action                   || total
-------------------------++-------
Melee: Dagger            ||    23
       Constrict         ||     6
       Tentacles         ||     5
 Stab: Sleeping          ||     4
Armor: Skin              ||     2
Dodge: Dodged            ||    10
